 Dungeon Crawl Stone Soup version 0.26-b1-32-g5d43845318 (webtiles) character file.

Game seed: 11023307029687762037

32 raceaflais the Firebug (level 3, -1/24 HPs)
             Began as a Human Fire Elementalist on Jan 4, 2021.
             Was an Initiate of Ru.
             Slain by an ufetubus (2 damage)
             ... on level 6 of the Dungeon.
             The game lasted 00:08:52 (2013 turns).

raceaflais the Firebug (Human Fire Elementalist)    Turns: 2013, Time: 00:08:52

Health: -1/24      AC:  4    Str:  8    XL:     3   Next: 45%
Magic:  6/6        EV: 12    Int: 16    God:    Ru [......]
Gold:   102        SH:  0    Dex: 13    Spells: 5/6 levels left

rFire    . . .     SeeInvis .   (no weapon)
rCold    . . .     Faith    .   (no shield)
rNeg     . . .     Spirit   .   d - +1 leather armour
rPois    .         Reflect  .   (no helmet)
rElec    .         Harm     .   (no cloak)
rCorr    .         Rampage  .   (no gloves)
Will     .....                  (no boots)
Stlth    ++........             e - amulet of regeneration
HPRegen  0.48/turn              (no ring)
MPRegen  0.10/turn              (no ring)

@: no status effects
A: no striking features
a: Renounce Religion


You were on level 6 of the Dungeon.
You worshipped Ru.
Ru was noncommittal.
You visited 1 branch of the dungeon, and saw 4 of its levels.

You collected 102 gold pieces.

Inventory:

Hand Weapons
 i - a +3 hunting sling
Missiles
 f - 86 stones
 j - 18 sling bullets
 n - 24 arrows
Armour
 a - a +0 robe
 d - a +1 leather armour (worn)
Jewellery
 e - an amulet of regeneration (around neck)
Wands
 p - a wand of acid (8)
Scrolls
 h - 2 scrolls of amnesia
 m - a scroll of identify
 o - 3 scrolls of remove curse


   Skills:
 + Level 2.1 Dodging
 + Level 2.3 Stealth
 + Level 2.4 Spellcasting
 + Level 1.4 Conjurations
 + Level 3.5 Fire Magic


You had 5 spell levels left.
You knew the following spells:

 Your Spells              Type           Power        Failure   Level
a - Foxfire               Conj/Fire      36%          11%         1

Your spell library contained the following spells:

 Spells                   Type           Power        Failure   Level
 Conjure Flame            Conj/Fire      9%           32%         3
 Inner Flame              Hex/Fire       7%           38%         3
 Sticky Flame             Conj/Fire      9%           71%         4
 Fireball                 Conj/Fire      4%           96%         5


Dungeon Overview and Level Annotations

Branches:
Dungeon (3/15)

Altars:
Ru


Message History

The ufetubus closely misses you. The ufetubus barely misses you.
The ufetubus hits you.
* * * LOW HITPOINT WARNING * * *
The ufetubus misses you. The ufetubus closely misses you. x2
The bullfrog barely misses you. The ufetubus hits you.
* * * LOW HITPOINT WARNING * * *
The ufetubus barely misses you. The bullfrog barely misses you.
The ufetubus barely misses you. The ufetubus closely misses you.
The bullfrog barely misses you. The ufetubus barely misses you.
The ufetubus closely misses you. The bullfrog hits you.
* * * LOW HITPOINT WARNING * * *
The ufetubus barely misses you. The ufetubus hits you.
* * * LOW HITPOINT WARNING * * *
The bullfrog hits you but does no damage.
The ufetubus hits you.
* * * LOW HITPOINT WARNING * * *
The ufetubus hits you.
You die...

....#.# #....#
....#.######.##....#
...$...............# .
....#.######.###...# ..
...##.# .# # #...##...
...##.##.###.# #........
.............###z..##...
....#..#.#####..5F..# ..
....#..# # #..@...# .
... #..# #......# ###
#..# #......# #(#..#
#......# ###.#..#
####.### .).....# .#
###..#.## ## ........#
##...#..#


You could see a bullfrog, a wight and an ufetubus.

Vanquished Creatures
  An adder (D:2)
  An ooze (D:3)
  A leopard gecko (D:1)
  2 giant cockroaches (D:1)
  A goblin (D:2)
  3 hobgoblins
  A quokka (D:3)
  3 bats
  3 frilled lizards
  3 rats
19 creatures vanquished.

Vanquished Creatures (collateral kills)
  5 foxfires (D:1)
5 creatures vanquished.

Vanquished Creatures (others)
  58 foxfires
  3 plants (D:1)
61 creatures vanquished.

Grand Total: 85 creatures vanquished

Notes
Turn   | Place    | Note
-------+----------+-------------------------------------------
     0 | D:1      | raceaflais the Human Fire Elementalist began the quest for
                  | the Orb.
     0 | D:1      | Reached XP level 1. HP: 13/13 MP: 3/3
   401 | D:1      | Reached XP level 2. HP: 19/19 MP: 1/5
  1249 | D:2      | Reached XP level 3. HP: 24/24 MP: 1/6
  1380 | D:2      | Found a sacrificial altar of Ru.
  1392 | D:2      | Became a worshipper of Ru the Awakened
  1968 | D:3      | You fall into a shaft and drop 3 floors!
  1969 | D:6      | Noticed a wight
  1969 | D:6      | Noticed a wight
  1978 | D:6      | Noticed a bullfrog
  2013 | D:6      | HP: 1/24 [ufetubus (2)]
  2013 | D:6      | Slain by an ufetubus

Illustrated notes

Levels and vault maps discovered:
D:1:      dpeg_arrival_connections, layout_rooms, serial_forest,
          infiniplex_forest_clump_small, infiniplex_forest_end_2,
          infiniplex_forest_straight_4, infiniplex_forest_clump_diagonal,
          infiniplex_forest_end_2, infiniplex_forest_fountain,
          infiniplex_forest_clump_small, infiniplex_forest_clump_cross,
          infiniplex_forest_clump_small, infiniplex_forest_clump_double,
          amcnicky_mini_corridor_feature, wander_ebering_terrifying_dragon_lair
D:2:      layout_loops_ring, old_standard_altar, columned_hall_lemuel
D:3:      layout_loops_cross, chequers_ecumenical_altar_twisty,
          minmay_misc_feat_encased
D:6:      layout_basic, serial_shops, nicolae_shop_behind_doors

Action                   || total
-------------------------++-------
Melee: Unarmed           ||    29
 Cast: Foxfire           ||    49
  Use: Scroll            ||     8
       Potion            ||     3
Armor: Robe              ||     3
       Leather armour    ||     2
Dodge: Dodged            ||    45
